 Dungeon Crawl Stone Soup version 0.17-a0-1093-g0b3cd89 (webtiles) character file.

25 Hanyuu the Insei (level 3, -1/23 HPs)
             Began as an Octopode Transmuter on May 20, 2015.
             Killed by nerve-wracking pain
             ... invoked by Jessica
              (11 damage)
             ... on level 2 of the Dungeon.
             The game lasted 00:03:29 (706 turns).

Hanyuu the Insei (Octopode Transmuter)               Turns: 706, Time: 00:03:29

Health: -1/23      AC:  2    Str:  9    XL:     3   Next: 6%
Magic:  3/6        EV: 19    Int: 16    God:
Gold:   80         SH:  0    Dex: 17    Spells: 3 memorised, 0 levels left

rFire  . . .     SeeInvis .       - Unarmed
rCold  + . .     Clarity  .     (shield currently unavailable)
rNeg   . . .     SustAb   .     (helmet currently unavailable)
rPois  x         Gourm    .     (no amulet)
rElec  .         Spirit   .     i - ring of protection from cold
rCorr  .         Warding  .     (no ring)
rMut   .         Stasis   .     (no ring)
MR     .....                    (no ring)
Stlth  ++........               (no ring)
                                (no ring)
                                (no ring)
                                (no ring)

@: spider-form (expiring), not resistant to hostile enchantments, unstealthy
A: almost no armour, amphibious, 8 rings, (constrict 8), (camouflage 0),
(gelatinous body 0)
a: End Transformation


You were on level 2 of the Dungeon.
You were not hungry.
You were a venomous arachnid creature.
You visited 1 branch of the dungeon, and saw 2 of its levels.

You collected 80 gold pieces.

Inventory:

Missiles
 a - 28 arrows
Jewellery
 i - a ring of protection from cold (left front leg)
Scrolls
 d - a scroll of remove curse {unknown}
 e - a scroll of recharging {unknown}
 g - 2 scrolls of identify {unknown}
 h - a scroll of amnesia {unknown}
Potions
 k - a potion of ambrosia {unknown}
Books
 b - a book of Changes

   Spells                             Type                      Level
   a - Beastly Appendage              Transmutation                1
   b - Sticks to Snakes               Transmutation                2
   c - Spider Form                    Transmutation/Poison         3
   d - Ice Form                       Ice/Transmutation            4
   e - Blade Hands                    Transmutation                5
Comestibles
 c - a bread ration
 f - a meat ration


   Skills:
 - Level 1.0 Fighting
 - Level 2.0 Dodging
 + Level 4.1 Unarmed Combat
 - Level 2.0 Spellcasting
 - Level 2.0 Transmutations


You couldn't memorise any spells.
You knew the following spells:

 Your Spells              Type           Power        Failure   Level  Hunger
a - Beastly Appendage     Trmt           #.....       24%         1    #......
b - Sticks to Snakes      Trmt           #.........   32%         2    ###....
c - Spider Form           Trmt/Pois      #.........   61%         3    ###....


Dungeon Overview and Level Annotations

Branches:
Dungeon (2/15)

Altars:
Ashenzari

Annotations:
D:2 Jessica


Innate Abilities, Weirdness & Mutations

You cannot wear most types of armour.
You are amphibious.
You can wear up to eight rings at the same time.
((You can use your tentacles to constrict eight enemies at once.))
((Your skin changes colour to match your surroundings (Stealth).))
((Your rubbery body absorbs attacks (AC +1).))


Message History

You hit the kobold but do no damage.
The kobold is poisoned.
The kobold barely misses you.
Jessica mumbles some strange words.
Jessica blinks!
You completely miss the kobold. The kobold barely misses you.
Jessica casts a spell.
Jessica blinks!
You hit the kobold but do no damage.
The kobold looks even sicker.
The kobold is moderately wounded.
The kobold closely misses you.
An adder comes into view.
You closely miss the kobold.
The kobold is severely wounded.
You kill the kobold!
The hobgoblin misses you.
You bite the hobgoblin!
You kill the hobgoblin!
Jessica gestures at you while chanting. Pain shoots through your body!
You die...

... ...# .###
#.. ....# ..#.#
#.# .....
.............#
..#.#.#.#.....#
.......).@.....
..#.#.#.#.....#
.......))......
.##.#.#s#......
#........###..
##.#.#g#.#
#..S......#
##.# #.# ...
..$ ... ....
..# #.# ...# ?.
... ....


You could see an adder, Jessica and a goblin.

Vanquished Creatures
  An ooze (D:1)
  A giant gecko (D:1)
  2 giant cockroaches (D:1)
  4 goblins (D:1)
  3 hobgoblins
  2 bats (D:1)
  2 giant newts (D:1)
  4 kobolds
  A rat (D:1)
20 creatures vanquished.

Notes
Turn   | Place    | Note
--------------------------------------------------------------
     0 | D:1      | Hanyuu the Octopode Transmuter began the quest for the Orb.
     0 | D:1      | Reached XP level 1. HP: 13/13 MP: 3/3
    88 | D:1      | Found a shattered altar of Ashenzari.
   110 | D:1      | Reached XP level 2. HP: 13/18 MP: 3/5
   466 | D:1      | Reached skill level 4 in Unarmed Combat
   686 | D:2      | Noticed Jessica
   686 | D:2      | Reached XP level 3. HP: 23/23 MP: 6/6
   694 | D:1      | Learned a level 2 spell: Sticks to Snakes
   698 | D:1      | Learned a level 3 spell: Spider Form
   706 | D:2      | Killed from afar by Jessica

Vault maps used:
D:1:      saegor_arrival_simple_e, evilmike_ruin_ashenzari
D:2:      lemuel_coloured_pillars_altar, st_stairs_12,
          nemelex_lonely_heart_becter, uniq_jessica

Action                   || total
-------------------------++-------
Melee: Unarmed           ||    42
 Cast: Beastly Appendage ||     1
       Spider Form       ||     1
 Stab: Sleeping          ||     6
